[Event "DVM U14 2024"]
[Site "Heidelberg"]
[Date "2024.12.27"]
[Round "2"]
[White "Geschke, Jonathan"]
[Black "Gundermann, Mika Oleg"]
[Result "1-0"]
[ECO "C42"]
[WhiteElo "1698"]
[BlackElo "1798"]
[Annotator "NA"]
[PlyCount "207"]
[EventDate "2024.12.23"]
[EventType "team-tourn"]
[EventRounds "7"]
[EventCountry "GER"]
[SourceTitle "playchess.com"]
[Source "ChessBase"]
[SourceQuality "1"]
[TimeControl "40/5400+30:1800+30"]

1. e4 e5 2. Nf3 Nf6 3. Nxe5 d6 4. Nf3 Nxe4 5. Nc3 Nf6 6. d4 d5 7. Be2 Be7 8. O-O O-O 9. Bf4 a6 10. a4 Bf5 11. Re1 Nc6 12. h3 Nb4 13. Bd3 Nxd3 14. cxd3 h6 15. Rc1 Bd6 16. Bxd6 Qxd6 17. Ne2 Qb6 18. Ng3 Bh7 19. Re7 c6 20. Rc3 Rab8 21. Rb3 Qa7 22. Qd2 a5 23. Qf4 Rfc8 24. Ne5 Bg6 25. Nxg6 fxg6 26. Qe5 Re8 27. Rxe8+ Rxe8 28. Qc7 Rb8 29. Ne2 Qa8 30. Nf4 Ne8 31. Qb6 Kf7 32. Qc5 Qa6 33. Qc2 Nd6 34. Qe2 Re8 35. Qg4 g5 36. Qd7+ Re7 37. Qxd6 gxf4 38. Qxf4+ Kg8 39. Qd6 Kf7 40. Qf4+ Kg8 41. Qh4 Rf7 42. Qg4 Qa7 43. Rc3 Qb8 44. Rc2 Qf4 45. g3 Qxg4 46. hxg4 Re7 47. Kf1 Kf7 48. Rc5 Kg6 49. Rxa5 Kg5 50. Ra7 Kf6 51. a5 Ke6 52. a6 bxa6 53. Rxa6 Kd6 54. Rb6 Kc7 55. Rb3 Re8 56. Kg2 Ra8 57. Kf3 Rf8+ 58. Kg2 Ra8 59. Ra3 Rg8 60. Ra7+ Kd6 61. Rb7 Ke6 62. b4 Kd6 63. b5 cxb5 64. Rxb5 Re8 65. Rb7 Rg8 66. Rf7 Ke6 67. Rf5 Rc8 68. Re5+ Kd6 69. Kf3 Rf8+ 70. Ke3 Rf7 71. g5 h5 72. g6 Rf6 73. Rxh5 Rxg6 74. Kf4 Rf6+ 75. Rf5 Rg6 76. f3 Ke6 77. Rg5 Rf6+ 78. Kg4 g6 79. f4 Kd6 80. Re5 Rf8 81. Kg5 Rg8 82. g4 Rf8 83. Re1 Rg8 84. Ra1 Ke6 85. Ra6+ Kf7 86. Rf6+ Ke7 87. Rxg6 Rf8 88. f5 Rh8 89. Rh6 Rg8+ 90. Kf4 Rf8 91. Ke5 Rg8 92. Rg6 Rd8 93. Re6+ Kf7 94. g5 Rh8 95. Kxd5 Rh5 96. g6+ Kg7 97. Ke5 Rg5 98. Re7+ Kf8 99. Rf7+ Kg8 100. Kf6 Rh5 101. d5 Rh4 102. g7 Rh6+ 103. Ke7 Ra6 104. d6 1-0

[Event "DVM U14 2024"]
[Site "Heidelberg"]
[Date "2024.12.27"]
[Round "2"]
[White "Mueller, Maximilian"]
[Black "Glavev, Danail"]
[Result "1/2-1/2"]
[ECO "D00"]
[WhiteElo "1679"]
[BlackElo "1690"]
[Annotator "NA RC"]
[PlyCount "52"]
[EventDate "2024.12.23"]
[EventType "team-tourn"]
[EventRounds "7"]
[EventCountry "GER"]
[SourceTitle "playchess.com"]
[Source "ChessBase"]
[SourceQuality "1"]
[TimeControl "40/5400+30:1800+30"]

1. d4 d5 2. Bf4 Nf6 3. Nc3 c5 4. dxc5 d4 5. Na4 Qa5+ 6. c3 Bd7 7. b3 dxc3 8. Qc2 Bxa4 9. bxa4 Qxc5 10. Rc1 e5 11. Bg3 Nc6 12. e3 Qa5 13. Bb5 a6 14. Bxc6+ bxc6 15. Ne2 Ba3 16. Rb1 Bb2 17. O-O O-O 18. Rfd1 Nd5 19. a3 f5 20. Bxe5 Nxe3 21. Qb3+ Nd5 22. Qb7 Ne7 23. Bxc3 Bxc3 24. Nxc3 Qxc3 25. Qxe7 c5 26. Qe6+ Kh8 1/2-1/2

[Event "DVM U14 2024"]
[Site "Heidelberg"]
[Date "2024.12.27"]
[Round "2"]
[White "Maier, Kalle"]
[Black "Li, Xiao Teng"]
[Result "1/2-1/2"]
[ECO "C54"]
[WhiteElo "1673"]
[BlackElo "1661"]
[Annotator "NA RC"]
[PlyCount "70"]
[EventDate "2024.12.23"]
[EventType "team-tourn"]
[EventRounds "7"]
[EventCountry "GER"]
[SourceTitle "playchess.com"]
[Source "ChessBase"]
[SourceQuality "1"]
[TimeControl "40/5400+30:1800+30"]

1. e4 e5 2. Nf3 Nc6 3. Bc4 Bc5 4. c3 Nf6 5. d3 d6 6. O-O Bg4 7. b4 Bb6 8. a4 a6 9. a5 Ba7 10. Be3 O-O 11. Nbd2 h6 12. Qc2 Be6 13. Bxa7 Rxa7 14. Rab1 Ne7 15. d4 exd4 16. cxd4 c6 17. Bxe6 fxe6 18. Nb3 Qe8 19. e5 dxe5 20. dxe5 Nfd5 21. Nc5 Qf7 22. Ne4 Qg6 23. Qc5 Raa8 24. Ng3 Nf5 25. Qc2 Nfe7 26. Qxg6 Nxg6 27. Nd4 Nxe5 28. Nxe6 Rf6 29. Nc5 Rb8 30. Ne2 Rf7 31. Nd4 Nd7 32. Rfe1 Nf8 33. g3 Rd8 34. Nde6 Nxe6 35. Rxe6 Nf6 1/2-1/2

[Event "DVM U14 2024"]
[Site "Heidelberg"]
[Date "2024.12.27"]
[Round "2"]
[White "Berbig, Georg"]
[Black "Bodriyenko, Daniel"]
[Result "1-0"]
[ECO "C47"]
[WhiteElo "1666"]
[BlackElo "1694"]
[Annotator "NA RC"]
[PlyCount "103"]
[EventDate "2024.12.23"]
[EventType "team-tourn"]
[EventRounds "7"]
[EventCountry "GER"]
[SourceTitle "playchess.com"]
[Source "ChessBase"]
[SourceQuality "1"]
[TimeControl "40/5400+30:1800+30"]

1. e4 e5 2. Nf3 Nc6 3. Nc3 Nf6 4. a3 Bc5 5. Nxe5 Nxe5 6. d4 Bxd4 7. Qxd4 Nc6 8. Qd1 h6 9. Bc4 O-O 10. O-O Re8 11. f3 d6 12. Be3 Be6 13. Bxe6 Rxe6 14. Qd2 Ne5 15. b3 Qd7 16. Rad1 Rd8 17. Nd5 Ng6 18. Nxf6+ Rxf6 19. Qc3 Re6 20. Rd2 Ne7 21. Rfd1 a6 22. Bf4 f5 23. e5 d5 24. Qd3 c6 25. Bg3 Qc7 26. f4 Kh7 27. Bh4 Qb6+ 28. Bf2 Qb5 29. c4 Qa5 30. b4 Qc7 31. Qc2 Qc8 32. Bc5 Kg6 33. Bxe7 Rxe7 34. cxd5 cxd5 35. Qxc8 Rxc8 36. Rxd5 Rcc7 37. Rd6+ Kf7 38. Kf2 Rc4 39. Kg3 g5 40. Rf6+ Ke8 41. Rxf5 gxf4+ 42. Rxf4 Rc3+ 43. Rf3 Rc6 44. Kf4 Rce6 45. Re1 Kd7 46. Kf5 Kc6 47. Rd3 Re8 48. a4 R8e7 49. Rc3+ Kd7 50. Rd1+ Ke8 51. Rd5 Kf7 52. g4 1-0

[Event "DVM U14 2024"]
[Site "Heidelberg"]
[Date "2024.12.27"]
[Round "2"]
[White "Madel, Luca"]
[Black "Botschek, Marius"]
[Result "0-1"]
[ECO "A45"]
[WhiteElo "1657"]
[BlackElo "1788"]
[Annotator "NA RC"]
[PlyCount "134"]
[EventDate "2024.12.23"]
[EventType "team-tourn"]
[EventRounds "7"]
[EventCountry "GER"]
[SourceTitle "playchess.com"]
[Source "ChessBase"]
[SourceQuality "1"]
[TimeControl "40/5400+30:1800+30"]

1. d4 Nf6 2. Bf4 c5 3. e3 Nd5 4. Bg3 Qb6 5. b3 e6 6. Nf3 cxd4 7. exd4 Bb4+ 8. Nbd2 Nc3 9. Qc1 Ne4 10. Bf4 Bc3 11. Rb1 Nxd2 12. Bxd2 Bxd4 13. Nxd4 Qxd4 14. c4 Qe4+ 15. Be2 Qxg2 16. Rf1 O-O 17. Bf4 Nc6 18. Qe3 Qg6 19. Bd3 f5 20. Kd2 Qf6 21. Rg1 g6 22. Qe2 e5 23. Bg5 Qd6 24. f3 Nd4 25. Qe3 b6 26. Kc3 Ne6 27. Kc2 Bb7 28. h4 Bxf3 29. Rbf1 Nd4+ 30. Kb2 e4 31. Bc2 Nxc2 32. Kxc2 f4 33. Qc3 Rae8 34. Bh6 Rf7 35. Rg5 Qd3+ 36. Qxd3 exd3+ 37. Kc3 Be2 38. Rf2 f3 39. Rd5 Re6 40. Rd4 d6 41. Kd2 Rd7 42. Kc3 Kf7 43. Bg5 Kg7 44. Bd2 Rf6 45. Bg5 Rf5 46. Bd2 d5 47. Be3 Kf7 48. Kd2 Ke6 49. Rh2 Re5 50. Bf4 Re4 51. cxd5+ Kf5 52. Be3 Rxd4 53. Bxd4 Rxd5 54. Bf2 Rd7 55. Rh1 Rc7 56. Rc1 Rxc1 57. Kxc1 g5 58. hxg5 Kxg5 59. Kd2 h5 60. Ke3 h4 61. a3 h3 62. Bg3 Kg4 63. Bh2 Bf1 64. b4 Bg2 65. Bg1 d2 66. Kxd2 f2 67. Bxf2 h2 0-1

[Event "DVM U14 2024"]
[Site "Heidelberg"]
[Date "2024.12.27"]
[Round "2"]
[White "Laube, Karl"]
[Black "Meijers, Jaroslav"]
[Result "0-1"]
[ECO "D02"]
[WhiteElo "1635"]
[BlackElo "1663"]
[Annotator "NA RC"]
[PlyCount "92"]
[EventDate "2024.12.23"]
[EventType "team-tourn"]
[EventRounds "7"]
[EventCountry "GER"]
[SourceTitle "playchess.com"]
[Source "ChessBase"]
[SourceQuality "1"]
[TimeControl "40/5400+30:1800+30"]

1. d4 d5 2. Bf4 Bf5 3. e3 Nf6 4. Nf3 e6 5. c4 Be7 6. Nc3 O-O 7. Bd3 Bg6 8. O-O Nbd7 9. Re1 dxc4 10. Bxc4 Nb6 11. Bd3 Nbd5 12. Nxd5 Nxd5 13. Bg3 c5 14. Rc1 Qb6 15. Bxg6 hxg6 16. Qd2 Rac8 17. b3 cxd4 18. Qxd4 Qxd4 19. Nxd4 Nb4 20. Ra1 Bf6 21. Bd6 Bxd4 22. Bxb4 Bxa1 23. Bxf8 Bc3 24. Rc1 Kxf8 25. g3 Ke7 26. Kf1 Kd7 27. Ke2 Bb4 28. Rd1+ Ke7 29. Rd4 Rc2+ 30. Kd1 Rxf2 31. Rxb4 Rxa2 32. Rxb7+ Kf6 33. Rb4 Rxh2 34. Ke1 g5 35. Kf1 Rb2 36. Rb7 a5 37. Rb5 g6 38. Rxa5 Rxb3 39. Kf2 g4 40. Ra2 Kf5 41. Rd2 e5 42. Re2 Ke4 43. Re1 Rb2+ 44. Re2 Rxe2+ 45. Kxe2 f5 46. Kf2 Kd3 0-1

[Event "DVM U14 2024"]
[Site "Heidelberg"]
[Date "2024.12.27"]
[Round "2"]
[White "Schucht, Adrian"]
[Black "Gorbatschow, Bogdan"]
[Result "1-0"]
[ECO "B13"]
[WhiteElo "1617"]
[BlackElo "1728"]
[Annotator "NA RC"]
[PlyCount "81"]
[EventDate "2024.12.23"]
[EventType "team-tourn"]
[EventRounds "7"]
[EventCountry "GER"]
[SourceTitle "playchess.com"]
[Source "ChessBase"]
[SourceQuality "1"]
[TimeControl "40/5400+30:1800+30"]

1. e4 c6 2. d4 d5 3. exd5 cxd5 4. Bd3 Nf6 5. c3 Bg4 6. Qb3 Qc7 7. h3 Bd7 8. Ne2 e6 9. Bf4 Qc8 10. Nd2 Bc6 11. Nf3 Be7 12. O-O O-O 13. Ng3 Nbd7 14. Rfe1 Nb6 15. Qc2 Rd8 16. Ng5 h6 17. Bh7+ Kf8 18. Nxf7 Kxf7 19. Qg6+ Kf8 20. Bxh6 Ne8 21. Nh5 Bf6 22. Nxf6 gxh6 23. Bg8 Rd7 24. Nxd7+ Qxd7 25. Bxe6 Qg7 26. Qf5+ Qf6 27. b3 Rd8 28. Re3 Qxf5 29. Bxf5 Nd6 30. Bd3 Re8 31. Rae1 Rxe3 32. Rxe3 Kf7 33. Kh2 Ne4 34. Rf3+ Kg7 35. Bxe4 dxe4 36. Rf5 Nd5 37. c4 Nb4 38. d5 Be8 39. Re5 Bg6 40. Re7+ Kf6 41. Rxb7 1-0

[Event "DVM U14 2024"]
[Site "Heidelberg"]
[Date "2024.12.27"]
[Round "2"]
[White "Zhu, Timo Kaiheng"]
[Black "Obermair, Hannes"]
[Result "1/2-1/2"]
[ECO "D02"]
[WhiteElo "1615"]
[BlackElo "1653"]
[Annotator "NA RC"]
[PlyCount "43"]
[EventDate "2024.12.23"]
[EventType "team-tourn"]
[EventRounds "7"]
[EventCountry "GER"]
[SourceTitle "playchess.com"]
[Source "ChessBase"]
[SourceQuality "1"]
[TimeControl "40/5400+30:1800+30"]

1. d4 d5 2. Bf4 Nf6 3. Nf3 e6 4. e3 Bd6 5. Bxd6 Qxd6 6. Nbd2 O-O 7. Bd3 Nbd7 8. O-O c5 9. c4 b6 10. b3 Bb7 11. Qc2 Rac8 12. Rac1 cxd4 13. exd4 e5 14. dxe5 Nxe5 15. Nxe5 Qxe5 16. Qd1 Rfd8 17. Qe2 Qd4 18. Nf3 Qc5 19. Rfd1 h6 20. Qb2 dxc4 21. Rxc4 Qe7 22. Rxc8 1/2-1/2

[Event "DVM U14 2024"]
[Site "Heidelberg"]
[Date "2024.12.27"]
[Round "2"]
[White "Scharff, Oskar"]
[Black "Pazar, Ubeyd"]
[Result "1/2-1/2"]
[ECO "B99"]
[WhiteElo "1583"]
[BlackElo "1669"]
[Annotator "NA"]
[PlyCount "103"]
[EventDate "2024.12.23"]
[EventType "team-tourn"]
[EventRounds "7"]
[EventCountry "GER"]
[SourceTitle "playchess.com"]
[Source "ChessBase"]
[SourceQuality "1"]
[TimeControl "40/5400+30:1800+30"]

1. e4 c5 2. Nf3 d6 3. d4 cxd4 4. Nxd4 a6 5. Nc3 Nf6 6. Bg5 e6 7. f4 Be7 8. Qf3 Qc7 9. Bd3 Nbd7 10. O-O-O b5 11. a3 Bb7 12. Rhe1 h6 13. Bh4 g5 14. fxg5 hxg5 15. Bxg5 Ne5 16. Qf1 Nfg4 17. Bxe7 Qxe7 18. h3 Qg5+ 19. Rd2 Ne3 20. Nf3 Nxf1 21. Nxg5 Nxd2 22. Kxd2 Ke7 23. Re2 Rag8 24. Nf3 Nxf3+ 25. gxf3 Rxh3 26. Rf2 Rhg3 27. Ne2 Rg2 28. Rf1 d5 29. exd5 Bxd5 30. Kd1 e5 31. Nc3 Bb7 32. Be4 Bxe4 33. Nxe4 Rc8 34. Rf2 Rxf2 35. Nxf2 f5 36. c3 Kf6 37. Ke2 Kg5 38. Ke3 Rd8 39. Nd3 Rxd3+ 40. Kxd3 Kf4 41. Ke2 e4 42. fxe4 Kxe4 43. b3 a5 44. a4 bxa4 45. bxa4 f4 46. Kf2 Kd3 47. Kf3 Kxc3 48. Kxf4 Kb4 49. Ke3 Kxa4 50. Kd2 Kb3 51. Kc1 Ka2 52. Kc2 1/2-1/2

[Event "DVM U14 2024"]
[Site "Heidelberg"]
[Date "2024.12.27"]
[Round "2"]
[White "Splitt, Albert"]
[Black "Arora, Ryan"]
[Result "0-1"]
[ECO "D00"]
[WhiteElo "1571"]
[BlackElo "1390"]
[Annotator "NA RC"]
[PlyCount "64"]
[EventDate "2024.12.23"]
[EventType "team-tourn"]
[EventRounds "7"]
[EventCountry "GER"]
[SourceTitle "playchess.com"]
[Source "ChessBase"]
[SourceQuality "1"]
[TimeControl "40/5400+30:1800+30"]

1. d4 Nf6 2. Nc3 d5 3. Bf4 e6 4. Nf3 Bb4 5. Bd2 Nc6 6. a3 Ba5 7. e3 Bd7 8. Bd3 Ne7 9. O-O Bb6 10. b4 Ng6 11. Re1 a6 12. e4 dxe4 13. Nxe4 Bc6 14. Nxf6+ Qxf6 15. Bg5 Bxf3 16. Qd2 Qxd4 17. gxf3 Ne5 18. Qe2 Nxd3 19. cxd3 h6 20. Be3 Qd6 21. d4 c6 22. Rad1 Bc7 23. f4 g5 24. f3 gxf4 25. Bf2 Rg8+ 26. Kh1 Qd5 27. Qd3 O-O-O 28. Rc1 Bb6 29. Re5 Qxe5 30. Rxc6+ bxc6 31. Qxa6+ Kc7 32. dxe5 Rd1+ 0-1

[Event "DVM U14 2024"]
[Site "Heidelberg"]
[Date "2024.12.27"]
[Round "2"]
[White "Luccone, Constantin"]
[Black "Dersewski, Jonas"]
[Result "0-1"]
[ECO "C05"]
[WhiteElo "1567"]
[BlackElo "1738"]
[Annotator "NA RC"]
[PlyCount "52"]
[EventDate "2024.12.23"]
[EventType "team-tourn"]
[EventRounds "7"]
[EventCountry "GER"]
[SourceTitle "playchess.com"]
[Source "ChessBase"]
[SourceQuality "1"]
[TimeControl "40/5400+30:1800+30"]

1. e4 e6 2. d4 d5 3. Nd2 Nf6 4. e5 Nfd7 5. f4 c5 6. c3 Nc6 7. Ndf3 cxd4 8. cxd4 Qb6 9. g3 f6 10. Kf2 fxe5 11. fxe5 Ndxe5 12. Kg2 Nxf3 13. Nxf3 Bd7 14. Rb1 Bd6 15. Be3 Ne7 16. Qc2 Nf5 17. Bf2 O-O 18. Bd3 Rac8 19. Qd1 Qd8 20. h4 Qf6 21. g4 Ne7 22. Rh3 e5 23. dxe5 Bxe5 24. Nxe5 Qxe5 25. Bxa7 d4 26. Bxd4 Bc6+ 0-1

[Event "DVM U14 2024"]
[Site "Heidelberg"]
[Date "2024.12.27"]
[Round "2"]
[White "Zielke, Constantin"]
[Black "Kalinski, Jan"]
[Result "0-1"]
[ECO "B90"]
[WhiteElo "1543"]
[BlackElo "1700"]
[Annotator "NA RC"]
[PlyCount "88"]
[EventDate "2024.12.23"]
[EventType "team-tourn"]
[EventRounds "7"]
[EventCountry "GER"]
[SourceTitle "playchess.com"]
[Source "ChessBase"]
[SourceQuality "1"]
[TimeControl "40/5400+30:1800+30"]

1. e4 c5 2. Nf3 Nf6 3. Nc3 d6 4. d4 cxd4 5. Nxd4 e5 6. Nf3 Be7 7. Bc4 O-O 8. Be3 a6 9. h3 Nbd7 10. O-O b5 11. Bb3 Bb7 12. Qd3 Nb6 13. Rad1 b4 14. Bxb6 Qxb6 15. Nd5 Nxd5 16. Bxd5 Rac8 17. Bxb7 Qxb7 18. Nd2 Rfd8 19. Nc4 Qc6 20. Ne3 Bg5 21. Rc1 Bxe3 22. Qxe3 Qc4 23. b3 Qc5 24. Qd3 Qa5 25. Ra1 Rc3 26. Qe2 Rdc8 27. Rfc1 Qb6 28. a3 a5 29. axb4 axb4 30. Ra6 Qc5 31. Qd2 Rd8 32. Kh1 h6 33. f3 d5 34. exd5 Rxd5 35. Qe2 Rxb3 36. cxb3 Qxc1+ 37. Kh2 Qf4+ 38. Kg1 Qd4+ 39. Kh2 Kh7 40. Rc6 Qf4+ 41. Kg1 Rd2 42. Qe1 Qd4+ 43. Kh2 Rd1 44. Qg3 Qg1# 0-1

[Event "DVM U14 2024"]
[Site "Heidelberg"]
[Date "2024.12.27"]
[Round "2"]
[White "Schriefer, Leo Hans"]
[Black "Derhay, Davyd"]
[Result "1/2-1/2"]
[ECO "C56"]
[WhiteElo "1477"]
[BlackElo "1665"]
[Annotator "NA RC"]
[PlyCount "84"]
[EventDate "2024.12.23"]
[EventType "team-tourn"]
[EventRounds "7"]
[EventCountry "GER"]
[SourceTitle "playchess.com"]
[Source "ChessBase"]
[SourceQuality "1"]
[TimeControl "40/5400+30:1800+30"]

1. e4 e5 2. Nf3 Nc6 3. d4 exd4 4. Bc4 Nf6 5. O-O Be7 6. Re1 d6 7. Nxd4 Na5 8. Bb3 Nxb3 9. Nxb3 O-O 10. Nc3 b6 11. Nd5 Bb7 12. Nxe7+ Qxe7 13. f3 h6 14. c3 Rfe8 15. Bf4 Nh5 16. Qd2 Qf6 17. Be3 Rad8 18. Rad1 d5 19. exd5 Rxd5 20. Qf2 Rf5 21. Bd4 Rxe1+ 22. Rxe1 Qg6 23. Kh1 c5 24. Be5 Nf4 25. Bxf4 Rxf4 26. Qg3 Qd6 27. h3 c4 28. Nc1 Qd2 29. Rf1 Kh7 30. Qf2 Qd7 31. Ne2 Rf5 32. Nd4 Re5 33. Re1 Qe7 34. Rxe5 Qxe5 35. Qe2 Qf4 36. Qxc4 Qc1+ 37. Kh2 Qxb2 38. Qxf7 Qxc3 39. Qxb7 Qxd4 40. Qxa7 Qe5+ 41. Kg1 Qe1+ 42. Kh2 Qe5+ 1/2-1/2

[Event "DVM U14 2024"]
[Site "Heidelberg"]
[Date "2024.12.27"]
[Round "2"]
[White "Mosch, Cornelius"]
[Black "Belenki, Janis"]
[Result "0-1"]
[ECO "B70"]
[WhiteElo "1405"]
[BlackElo "1611"]
[Annotator "NA RC"]
[PlyCount "114"]
[EventDate "2024.12.23"]
[EventType "team-tourn"]
[EventRounds "7"]
[EventCountry "GER"]
[SourceTitle "playchess.com"]
[Source "ChessBase"]
[SourceQuality "1"]
[TimeControl "40/5400+30:1800+30"]

1. e4 c5 2. Nf3 d6 3. d4 cxd4 4. Nxd4 Nf6 5. Nc3 g6 6. Bb5+ Bd7 7. Bg5 Bg7 8. Qd2 Bxb5 9. Ndxb5 a6 10. Nd4 h6 11. Be3 Ng4 12. O-O-O Nxe3 13. Qxe3 Nc6 14. Nxc6 bxc6 15. f4 Qa5 16. Rd3 Bxc3 17. Rxc3 Qxa2 18. Ra3 Qe6 19. Re1 O-O 20. Qd4 c5 21. Qd3 Qf6 22. g3 Rfb8 23. Qc3 Qxc3 24. Rxc3 Rb5 25. g4 Rab8 26. b3 Kg7 27. Rd3 c4 28. bxc4 Rb4 29. Ra3 Rxc4 30. c3 a5 31. Kc2 Rbc8 32. h4 a4 33. Kd3 Kf8 34. Rea1 d5 35. Re1 dxe4+ 36. Rxe4 Rxe4 37. Kxe4 Rc4+ 38. Ke3 e6 39. h5 gxh5 40. gxh5 Ke7 41. Ra2 Kd6 42. Kd3 Rxf4 43. c4 a3 44. Rd2 Kc5 45. Rc2 Rh4 46. Rf2 f5 47. Re2 a2 48. Re5+ Kb4 49. Rb5+ Ka3 50. Ra5+ Kb2 51. Rb5+ Kc1 52. Ra5 Rh3+ 53. Kd4 Kb2 54. Ke5 a1=Q 55. Rxa1 Kxa1 56. Kxe6 f4 57. Kf5 f3 0-1

[Event "DVM U14 2024"]
[Site "Heidelberg"]
[Date "2024.12.27"]
[Round "2"]
[White "Zhou, Louis Yuchen"]
[Black "Fridlin, Daniel"]
[Result "0-1"]
[ECO "B95"]
[WhiteElo "1215"]
[BlackElo "1789"]
[Annotator "NA RC"]
[PlyCount "68"]
[EventDate "2024.12.23"]
[EventType "team-tourn"]
[EventRounds "7"]
[EventCountry "GER"]
[SourceTitle "playchess.com"]
[Source "ChessBase"]
[SourceQuality "1"]
[TimeControl "40/5400+30:1800+30"]

1. e4 c5 2. Nf3 d6 3. d4 cxd4 4. Nxd4 Nf6 5. Nc3 a6 6. Bc4 e6 7. Bg5 Be7 8. O-O O-O 9. Re1 Qc7 10. Qd3 Nc6 11. Rad1 Ne5 12. Qg3 Nxc4 13. f4 e5 14. Nf3 exf4 15. Qxf4 Ne5 16. Bxf6 Bxf6 17. Nd5 Nxf3+ 18. Qxf3 Qc5+ 19. Kh1 Bxb2 20. Rf1 Be6 21. Ne7+ Kh8 22. Nf5 Bxf5 23. exf5 Be5 24. Rd5 Qxc2 25. f6 Bxf6 26. Rxd6 b5 27. g3 Rfd8 28. Rb6 Kg8 29. Re1 Rac8 30. Qe3 Bd4 31. Qe7 Bxb6 32. Rf1 Qc6+ 33. Qe4 Qxe4+ 34. Rf3 Qxf3# 0-1

[Event "DVM U14 2024"]
[Site "Heidelberg"]
[Date "2024.12.27"]
[Round "2"]
[White "Nawrath, Lars"]
[Black "Petzold, Gustav"]
[Result "1/2-1/2"]
[ECO "D02"]
[WhiteElo "1189"]
[BlackElo "935"]
[Annotator "NA RC"]
[PlyCount "58"]
[EventDate "2024.12.23"]
[EventType "team-tourn"]
[EventRounds "7"]
[EventCountry "GER"]
[SourceTitle "playchess.com"]
[Source "ChessBase"]
[SourceQuality "1"]
[TimeControl "40/5400+30:1800+30"]

1. d4 Nf6 2. Bf4 e6 3. e3 d5 4. Nf3 Nc6 5. Bd3 Bd6 6. Bg3 O-O 7. Nbd2 Re8 8. c3 e5 9. e4 dxe4 10. Nxe4 exd4 11. Qc2 Bf5 12. Nfd2 Bxe4 13. Nxe4 Bxg3 14. hxg3 Qd5 15. f3 Qe5 16. O-O-O Nxe4 17. Bxe4 g6 18. Rh3 Rad8 19. Bxc6 bxc6 20. cxd4 Rxd4 21. Rhh1 Qe3+ 22. Kb1 Rxd1+ 23. Rxd1 Qe2 24. Rc1 Qxc2+ 25. Rxc2 Re1+ 26. Rc1 Re2 27. Rc2 Re1+ 28. Rc1 Re2 29. Rc2 Re1+ 1/2-1/2

[Event "DVM U14 2024"]
[Site "Heidelberg"]
[Date "2024.12.28"]
[Round "3"]
[White "Noennig, Jakob"]
[Black "Haertel, Leon"]
[Result "1-0"]
[ECO "B35"]
[WhiteElo "2065"]
[BlackElo "1839"]
[Annotator "NA RC"]
[PlyCount "87"]
[EventDate "2024.12.23"]
[EventType "team-tourn"]
[EventRounds "7"]
[EventCountry "GER"]
[SourceTitle "playchess.com"]
[Source "ChessBase"]
[SourceQuality "1"]
[TimeControl "40/5400+30:1800+30"]

1. e4 c5 2. Nf3 Nc6 3. d4 cxd4 4. Nxd4 g6 5. Nc3 Bg7 6. Be3 Nf6 7. Bc4 Qa5 8. O-O d6 9. h3 O-O 10. Bb3 Bd7 11. f4 Nxd4 12. Bxd4 Bc6 13. Qd3 Nd7 14. Bxg7 Kxg7 15. Rad1 Rad8 16. Kh1 Nf6 17. Rfe1 e6 18. Qg3 d5 19. e5 Nh5 20. Qf2 Qb6 21. Qxb6 axb6 22. Ne2 Bb5 23. Nd4 Ba6 24. Kh2 Nxf4 25. g3 Nh5 26. Re3 Kg8 27. Rf3 Ng7 28. g4 Rc8 29. c3 Rc5 30. Rd2 Rd8 31. Rdf2 Rd7 32. a3 h5 33. Kg3 Rcc7 34. Bc2 Kh7 35. Rf4 Bc4 36. Nf3 Kh6 37. Kh4 hxg4 38. hxg4 Kh7 39. Ng5+ Kg8 40. Bxg6 Nf5+ 41. gxf5 fxg6 42. Nxe6 Rh7+ 43. Kg3 g5 44. Rg4 1-0

[Event "DVM U14 2024"]
[Site "Heidelberg"]
[Date "2024.12.28"]
[Round "3"]
[White "Riechenberg, Sebastian"]
[Black "Han, Erdem"]
[Result "1-0"]
[ECO "E07"]
[WhiteElo "2041"]
[BlackElo "1751"]
[Annotator "RC"]
[PlyCount "99"]
[EventDate "2024.12.23"]
[EventType "team-tourn"]
[EventRounds "7"]
[EventCountry "GER"]
[SourceTitle "playchess.com"]
[Source "ChessBase"]
[SourceQuality "1"]
[TimeControl "40/5400+30:1800+30"]

1. d4 d5 2. c4 c6 3. Nf3 Nf6 4. Nc3 e6 5. Qd3 Nbd7 6. g3 Be7 7. Bg2 O-O 8. O-O Re8 9. b3 h6 10. Bb2 b6 11. Rfe1 Bb7 12. Nd2 c5 13. cxd5 Nxd5 14. Nxd5 Bxd5 15. Bxd5 exd5 16. Nf3 Bf6 17. Rac1 Qc7 18. Ba3 Red8 19. Red1 Rac8 20. dxc5 Nxc5 21. Qf5 Qb7 22. Rc2 Ne6 23. Rxc8 Qxc8 24. Rxd5 Rxd5 25. Qxd5 Qa6 26. Bd6 Qxe2 27. a4 g6 28. Kg2 Qb2 29. Ne5 Qd4 30. Qxd4 Nxd4 31. Nd7 Bd8 32. b4 a5 33. b5 Ne2 34. Be5 Nc1 35. Bd4 Na2 36. Nxb6 Nc3 37. Bxc3 Bxb6 38. Kf3 f5 39. Kf4 Bc7+ 40. Ke3 Kf7 41. Kd4 Bb6+ 42. Kd5 Bxf2 43. Bxa5 Bg1 44. h4 g5 45. b6 gxh4 46. b7 Ba7 47. gxh4 Bb8 48. Bb6 Kg6 49. a5 f4 50. a6 1-0

[Event "DVM U14 2024"]
[Site "Heidelberg"]
[Date "2024.12.28"]
[Round "3"]
[White "Klein, Levent"]
[Black "Rodriguez Klasen, Ennio"]
[Result "1-0"]
[ECO "D05"]
[WhiteElo "1985"]
[BlackElo "1870"]
[Annotator "RC"]
[PlyCount "97"]
[EventDate "2024.12.23"]
[EventType "team-tourn"]
[EventRounds "7"]
[EventCountry "GER"]
[SourceTitle "playchess.com"]
[Source "ChessBase"]
[SourceQuality "1"]
[TimeControl "40/5400+30:1800+30"]

1. d4 Nf6 2. Nf3 c5 3. e3 e6 4. Be2 Be7 5. O-O O-O 6. b3 d5 7. Bb2 Nc6 8. Nbd2 cxd4 9. Nxd4 Nxd4 10. Bxd4 Qc7 11. c4 Rd8 12. Rc1 dxc4 13. Nxc4 Qd7 14. Qc2 Qe8 15. Ne5 Bd7 16. Nxd7 Qxd7 17. Qb2 Rdc8 18. Rxc8+ Qxc8 19. Bf3 Qd7 20. Rc1 Rc8 21. Rxc8+ Qxc8 22. Bxa7 b5 23. Bd4 b4 24. h3 h6 25. g4 Ne8 26. Qd2 Qc7 27. Bb2 Nf6 28. Qc1 Qa7 29. Qc8+ Kh7 30. Qb7 Qxb7 31. Bxb7 Nd5 32. Bxd5 exd5 33. Kf1 g6 34. Ke2 f5 35. gxf5 gxf5 36. Be5 Kg6 37. Kd3 Bc5 38. Bd4 Bd6 39. Bb6 Kf6 40. Kd4 Ke6 41. Bc5 Be5+ 42. Kd3 f4 43. exf4 Bxf4 44. Bxb4 Bb8 45. Bd2 h5 46. a4 Kd7 47. Be3 Bd6 48. a5 Kc6 49. a6 1-0

[Event "DVM U14 2024"]
[Site "Heidelberg"]
[Date "2024.12.28"]
[Round "3"]
[White "Retzlaff, Kian"]
[Black "Schriefer, Leo Hans"]
[Result "1-0"]
[ECO "B38"]
[WhiteElo "1826"]
[BlackElo "1477"]
[Annotator "NA RC"]
[PlyCount "55"]
[EventDate "2024.12.23"]
[EventType "team-tourn"]
[EventRounds "7"]
[EventCountry "GER"]
[SourceTitle "playchess.com"]
[Source "ChessBase"]
[SourceQuality "1"]
[TimeControl "40/5400+30:1800+30"]

1. e4 c5 2. Nf3 g6 3. d4 cxd4 4. Nxd4 Nc6 5. c4 Nf6 6. Nc3 Bg7 7. Be3 d6 8. Be2 O-O 9. O-O Bd7 10. Qd2 Re8 11. f3 b6 12. Rfd1 Rc8 13. Rac1 Nxd4 14. Bxd4 Bc6 15. b3 Qd7 16. Kh1 Rc7 17. Nd5 Nxd5 18. cxd5 Bb7 19. Bb5 Qxb5 20. Rxc7 Qa6 21. Bxg7 Kxg7 22. Rdc1 f6 23. Qb4 Kf8 24. Qa4 Qxa4 25. bxa4 Rb8 26. Rd7 Rc8 27. Rxc8+ Bxc8 28. Rd8+ 1-0

[Event "DVM U14 2024"]
[Site "Heidelberg"]
[Date "2024.12.28"]
[Round "3"]
[White "Arne, Jonas"]
[Black "Freude, Paul"]
[Result "1/2-1/2"]
[ECO "B24"]
[WhiteElo "1823"]
[BlackElo "1714"]
[Annotator "NA RC"]
[PlyCount "52"]
[EventDate "2024.12.23"]
[EventType "team-tourn"]
[EventRounds "7"]
[EventCountry "GER"]
[SourceTitle "playchess.com"]
[Source "ChessBase"]
[SourceQuality "1"]
[TimeControl "40/5400+30:1800+30"]

1. e4 c5 2. Nc3 d6 3. Nge2 Nc6 4. g3 g6 5. Bg2 Bg7 6. O-O Nf6 7. f4 O-O 8. h3 a6 9. d3 Qc7 10. a4 Rb8 11. g4 Nd4 12. Ng3 e6 13. Be3 Ne8 14. Kh2 f5 15. exf5 exf5 16. Nd5 Qd8 17. c3 Nc6 18. g5 Be6 19. Ne2 Nc7 20. Nxc7 Qxc7 21. d4 Ne7 22. d5 Bf7 23. Qd2 Rbe8 24. c4 Nc8 25. Nc3 Re7 26. Rfe1 Rfe8 1/2-1/2